 Dungeon Sprint DCSS version 0.17-a0-2118-g63bad21 (webtiles) character file.

19300000 hexophile the Axe Maniac (level 27, -7/174 HPs)
             Began as a Spriggan Warper on Oct 20, 2015.
             Was the Champion of Makhleb.
             Mangled by a fleshlord
             ... wielding a +9 great mace
              (58 damage)
             ... in the Dungeon (Sprint VIII: "Arena of Blood").
             The game lasted 00:04:45 (193 turns).

hexophile the Axe Maniac (Spriggan Warper)           Turns: 193, Time: 00:04:46

Health: -7/174     AC:  4    Str:  7    XL:     27
Magic:  54/55      EV: 45    Int: 17    God:    Makhleb [******]
Gold:   0          SH:  0    Dex: 26    Spells: 2 memorised, 75 levels left

rFire  + . .     SeeInvis +     k - +∞ Axe of Woe
rCold  . . .     Clarity  .     a - +0 robe
rNeg   . . .     SustAt   .     (shield restricted)
rPois  .         Gourm    .     (helmet restricted)
rElec  .         Spirit   .     (no cloak)
rCorr  .         Warding  .     (gloves unavailable)
rMut   .         NoTele   +     (boots unavailable)
MR     ++++.                    (no amulet)
Stlth  ++++++++++               (no ring)
                                l - ring of protection from fire {rF+}

@: lethally poisoned (-7 -> -135), very quick, incredibly resistant to hostile
enchantments, uncannily stealthy
A: unfitting armour, see invisible, herbivore 3, speed 3, slow metabolism 2
a: Minor Destruction, Lesser Servant of Makhleb, Major Destruction, Greater
Servant of Makhleb, Renounce Religion


You were in the Dungeon.
You worshipped Makhleb.
Makhleb was exalted by your worship.
You were not hungry.

You visited 1 branch


Innate Abilities, Weirdness & Mutations

You are tiny and cannot use many weapons and most armour.
You have supernaturally acute eyesight.
You are a herbivore.
You cover ground extremely quickly.
You need consume almost no food.

Inventory:

Hand Weapons
 k - the +∞ Axe of Woe (weapon)
   (You found it in the Dungeon)
Missiles
 d - 5 tomahawks of dispersal (quivered)
Armour
 a - a +0 robe (worn)
Jewellery
 l - a ring of protection from fire (left hand) {rF+}
Scrolls
 c - 2 scrolls of blinking
Potions
 f - a potion of curing
 g - a potion of heal wounds
 h - a potion of haste
 i - 2 potions of magic
 j - a potion of berserk rage
Books
 b - a book of Spatial Translocations

   Spells                             Type                      Level
   a - Apportation                    Translocation                1
   b - Blink                          Translocation                2
   c - Shroud of Golubria             Charms/Translocation         2
   d - Portal Projectile              Translocation                3
   e - Teleport Other                 Translocation                3
   f - Passage of Golubria            Translocation                4
Comestibles
 e - a bread ration


You had 75 spell levels left.
You knew the following spells:

 Your Spells              Type           Power        Failure   Level  Hunger
a - Passage of Golubria   Tloc           N/A          0%          4    None
z - Apportation           Tloc           #######...   0%          1    None


   Skills:
 O Level 27 Fighting
 O Level 27 Axes
 O Level 27 Throwing
 O Level 27 Armour
 O Level 27 Dodging
 O Level 27 Stealth
 O Level 27 Unarmed Combat
 O Level 27 Spellcasting
 O Level 27 Translocations
 O Level 27 Invocations

Dungeon Overview and Level Annotations

Branches:
Dungeon (1/1)

Altars:
Makhleb

Annotations:
D The Meatlord, The Servant

Vault maps used:
D:        meatsprint
You       could see
The
Meatlord  (wandering), a meat beast, an eight-headed meat hydra, an observer
          (invisible), 2 scourges, 3 fleshlords, a sculptor of flesh, a large
          bag of meat (inner flame), 2 dreads, 3 meat berserkers and 9 bags of
          meat.


Message History

The bag of meat convulses!
The eight-headed meat hydra convulses!
The meat berserker convulses!
The bag of meat convulses!
The large bag of meat convulses!
The fleshlord convulses!
The bag of meat convulses!
The scourge convulses!
The fleshlord convulses!
The bag of meat convulses!
Your body is wracked with pain!
* * * LOW HITPOINT WARNING * * *
You hear a shout!
An ogre and a wraith come into view.
You take 43 damage, and have 25/174 hp.
MASSIVE DAMAGE!!
Unknown command.
You hit the destroyer but do no damage.
You slaughter the destroyer joyfully.
You destroy the destroyer!
Makhleb accepts your kill.
You hit the destroyer but do no damage.
You dissect the destroyer like a pig carcass.
You destroy the destroyer!
Makhleb accepts your kill.
You feel better.
You feel extremely sick.
You hear a shout!
The scourge throws poison at you. The bolt of poison misses you.
You hear a shout!
The meat berserker rages.
The fleshlord mumbles some strange words.
The fleshlord seems to speed up.
You hear a shout!
You regained 61 hp, and now have 86/174 hp.
Unknown command.
You slice the bag of meat!!
You butcher the bag of meat messily.
You kill the bag of meat!
Makhleb accepts your kill.
You feel better.
You feel extremely sick.
The eight-headed meat hydra calls on the powers of darkness!
The eight-headed meat hydra convulses!
The bag of meat convulses!
A bag of meat comes into view. It is wielding a +9 war axe.
The bag of meat shouts!
The bag of meat convulses!
The meat berserker convulses!
The bag of meat convulses!
The large bag of meat convulses!
The scourge convulses!
The fleshlord convulses!
The fleshlord convulses!
The bag of meat convulses!
Your body is wracked with pain!
* * * LOW HITPOINT WARNING * * *
You hear a shout! x3
A sea snake, an ogre and Dispater come into view.
You take 29 damage, and have 57/174 hp.
* * * LOW HITPOINT WARNING * * *
You feel very sick.
The fleshlord hits you with a +9 great mace!!!
You die...

Action                   |  1- 3 |  4- 6 |  7- 9 | 10-12 | 13-15 | 16-18 | 19-21 | 22-24 | 25-27 || total
-------------------------+-------+-------+-------+-------+-------+-------+-------+-------+-------++-------
Melee: Broad axe         |     1 |       |       |     2 |     5 |     4 |     4 |     5 |    76 ||    97
 Cast: Apportation       |       |       |       |       |       |       |       |       |     1 ||     1
 Stab: Distracted        |     1 |       |       |       |       |       |       |       |       ||     1

Notes
Turn   | Place    | Note
--------------------------------------------------------------
     0 | D        | hexophile the Spriggan Warper began the quest for the Orb.
     0 | D        | Reached XP level 1. HP: 10/10 MP: 5/5
     4 | D        | Became a worshipper of Makhleb the Destroyer
     5 | D        | Noticed a bag of meat
     5 | D        | Killed a bag of meat
     5 | D        | Reached skill level 22 in Axes
     5 | D        | Reached XP level 2. HP: 14/14 MP: 6/6
     5 | D        | Reached XP level 3. HP: 18/18 MP: 8/8
     5 | D        | Reached XP level 4. HP: 22/22 MP: 9/9
     5 | D        | Reached XP level 5. HP: 25/25 MP: 10/10
     5 | D        | Reached XP level 6. HP: 30/30 MP: 11/11
     5 | D        | Reached XP level 7. HP: 33/33 MP: 12/12
     5 | D        | Reached XP level 8. HP: 37/37 MP: 13/13
     5 | D        | Reached XP level 9. HP: 41/41 MP: 14/14
     5 | D        | Reached XP level 10. HP: 46/46 MP: 15/15
     5 | D        | Reached XP level 11. HP: 49/49 MP: 16/16
     8 | D        | Noticed a bag of meat
    11 | D        | Noticed a bag of meat
    11 | D        | Learned a level 4 spell: Passage of Golubria
    11 | D        | Killed a bag of meat
    11 | D        | Reached * piety under Makhleb
    11 | D        | Reached skill level 25 in Axes
    11 | D        | Reached XP level 12. HP: 53/53 MP: 17/17
    12 | D        | Noticed a bag of meat
    13 | D        | Noticed a bag of meat
    13 | D        | Noticed a bag of meat
    13 | D        | Noticed a large bag of meat
    14 | D        | Noticed a bag of meat
    14 | D        | Noticed a bag of meat
    14 | D        | Noticed a bag of meat
    14 | D        | Noticed a bag of meat
    15 | D        | Noticed a bag of meat
    16 | D        | Noticed a bag of meat
    16 | D        | Noticed a meat berserker
    17 | D        | Killed a bag of meat
    17 | D        | Reached skill level 5 in Fighting
    17 | D        | Reached skill level 4 in Armour
    17 | D        | Reached skill level 9 in Dodging
    17 | D        | Reached skill level 9 in Stealth
    17 | D        | Reached skill level 7 in Spellcasting
    17 | D        | Reached skill level 9 in Translocations
    17 | D        | Reached skill level 5 in Invocations
    17 | D        | Reached XP level 13. HP: 55/63 MP: 17/25
    18 | D        | Noticed a bag of meat
    19 | D        | Noticed a bag of meat
    19 | D        | Killed a bag of meat
    19 | D        | Reached ** piety under Makhleb
    19 | D        | Reached skill level 7 in Fighting
    19 | D        | Reached skill level 6 in Armour
    19 | D        | Reached skill level 11 in Dodging
    19 | D        | Reached skill level 12 in Stealth
    19 | D        | Reached skill level 10 in Spellcasting
    19 | D        | Reached skill level 12 in Translocations
    19 | D        | Reached skill level 8 in Invocations
    19 | D        | Reached XP level 14. HP: 67/72 MP: 17/29
    20 | D        | Noticed a bag of meat
    21 | D        | Noticed a bag of meat
    21 | D        | Noticed a bag of meat
    21 | D        | Noticed a bag of meat
    22 | D        | Noticed a bag of meat
    22 | D        | Noticed a meat berserker
    22 | D        | Noticed a bag of meat
    22 | D        | Noticed a bag of meat
    22 | D        | Killed a bag of meat
    22 | D        | Reached skill level 8 in Fighting
    22 | D        | Reached skill level 26 in Axes
    22 | D        | Reached skill level 7 in Armour
    22 | D        | Reached skill level 13 in Dodging
    22 | D        | Reached skill level 14 in Stealth
    22 | D        | Reached skill level 11 in Spellcasting
    22 | D        | Reached skill level 13 in Translocations
    22 | D        | Reached skill level 9 in Invocations
    23 | D        | Noticed a bag of meat
    23 | D        | Noticed a large bag of meat
    23 | D        | Noticed a bag of meat
    23 | D        | Noticed a bag of meat
    23 | D        | Noticed a bag of meat
    23 | D        | Noticed a bag of meat
    24 | D        | Noticed a bag of meat
    24 | D        | Noticed a bag of meat
    24 | D        | Noticed a bag of meat
    24 | D        | Noticed a bag of meat
    24 | D        | Noticed a destroyer
    25 | D        | Noticed a meat berserker
    26 | D        | Killed a meat berserker
    26 | D        | Reached *** piety under Makhleb
    26 | D        | Reached skill level 10 in Fighting
    26 | D        | Reached skill level 9 in Armour
    26 | D        | Reached skill level 16 in Dodging
    26 | D        | Reached skill level 17 in Stealth
    26 | D        | Reached skill level 14 in Spellcasting
    26 | D        | Reached skill level 16 in Translocations
    26 | D        | Reached skill level 12 in Invocations
    26 | D        | Reached XP level 15. HP: 77/81 MP: 18/34
    27 | D        | Noticed a bag of meat
    27 | D        | Noticed a meat berserker
    28 | D        | Killed a bag of meat
    28 | D        | Reached skill level 11 in Fighting
    28 | D        | Reached skill level 10 in Armour
    28 | D        | Reached skill level 17 in Dodging
    28 | D        | Reached skill level 18 in Stealth
    28 | D        | Reached skill level 15 in Spellcasting
    28 | D        | Reached skill level 17 in Translocations
    28 | D        | Reached skill level 13 in Invocations
    29 | D        | Noticed a meat berserker
    29 | D        | Killed a bag of meat
    29 | D        | Reached skill level 12 in Fighting
    29 | D        | Reached skill level 11 in Armour
    29 | D        | Reached skill level 19 in Dodging
    29 | D        | Reached skill level 20 in Stealth
    29 | D        | Reached skill level 16 in Spellcasting
    29 | D        | Reached skill level 18 in Translocations
    29 | D        | Reached XP level 16. HP: 86/88 MP: 18/37
    30 | D        | Noticed a bag of meat
    30 | D        | Killed a destroyer
    30 | D        | Reached **** piety under Makhleb
    30 | D        | Reached skill level 13 in Fighting
    30 | D        | Reached skill level 27 in Axes
    30 | D        | Reached skill level 12 in Armour
    30 | D        | Reached skill level 21 in Dodging
    30 | D        | Reached skill level 23 in Stealth
    30 | D        | Reached skill level 18 in Spellcasting
    30 | D        | Reached skill level 21 in Translocations
    30 | D        | Reached skill level 16 in Invocations
    30 | D        | Reached XP level 17. HP: 91/96 MP: 18/40
    30 | D        | Killed a bag of meat
    30 | D        | Reached skill level 14 in Fighting
    30 | D        | Reached skill level 13 in Armour
    30 | D        | Reached skill level 22 in Dodging
    30 | D        | Reached skill level 24 in Stealth
    30 | D        | Reached skill level 19 in Spellcasting
    30 | D        | Reached skill level 22 in Translocations
    30 | D        | Killed a bag of meat
    30 | D        | Reached ***** piety under Makhleb
    30 | D        | Reached skill level 15 in Fighting
    30 | D        | Reached skill level 14 in Armour
    30 | D        | Reached skill level 23 in Dodging
    30 | D        | Reached skill level 20 in Spellcasting
    30 | D        | Reached skill level 23 in Translocations
    30 | D        | Reached skill level 17 in Invocations
    31 | D        | Noticed a bag of meat
    31 | D        | Killed a large bag of meat
    31 | D        | Reached skill level 24 in Dodging
    31 | D        | Reached skill level 25 in Stealth
    31 | D        | Reached skill level 21 in Spellcasting
    31 | D        | Reached skill level 24 in Translocations
    31 | D        | Reached skill level 18 in Invocations
    31 | D        | Killed a meat berserker
    31 | D        | Reached skill level 16 in Fighting
    31 | D        | Reached skill level 15 in Armour
    31 | D        | Reached skill level 25 in Dodging
    31 | D        | Reached skill level 27 in Stealth
    31 | D        | Reached skill level 22 in Spellcasting
    31 | D        | Reached skill level 25 in Translocations
    31 | D        | Reached skill level 19 in Invocations
    31 | D        | Reached XP level 18. HP: 103/107 MP: 19/45
    31 | D        | Killed a bag of meat
    31 | D        | Reached skill level 17 in Fighting
    31 | D        | Reached skill level 26 in Dodging
    31 | D        | Reached skill level 23 in Spellcasting
    31 | D        | Reached skill level 26 in Translocations
    32 | D        | Noticed a meat berserker
    32 | D        | Noticed a bag of meat
    32 | D        | Killed a bag of meat
    32 | D        | Reached skill level 16 in Armour
    32 | D        | Reached skill level 27 in Dodging
    32 | D        | Reached skill level 27 in Translocations
    32 | D        | Reached skill level 20 in Invocations
    33 | D        | Noticed a bag of meat
    33 | D        | Noticed a meat berserker
    33 | D        | Noticed a bag of meat
    33 | D        | Killed a meat berserker
    33 | D        | Reached skill level 19 in Fighting
    33 | D        | Reached skill level 17 in Armour
    33 | D        | Reached skill level 25 in Spellcasting
    33 | D        | Reached skill level 22 in Invocations
    33 | D        | Reached XP level 19. HP: 112/116 MP: 19/49
    33 | D        | Killed a large bag of meat
    33 | D        | Reached skill level 18 in Armour
    33 | D        | Reached skill level 26 in Spellcasting
    33 | D        | Killed a bag of meat
    33 | D        | Reached ****** piety under Makhleb
    33 | D        | Reached skill level 20 in Fighting
    33 | D        | Reached skill level 19 in Armour
    33 | D        | Reached skill level 27 in Spellcasting
    33 | D        | Reached skill level 23 in Invocations
    33 | D        | Killed a bag of meat
    33 | D        | Reached skill level 21 in Fighting
    33 | D        | Reached skill level 24 in Invocations
    34 | D        | Noticed a meat berserker
    34 | D        | Noticed a bag of meat
    34 | D        | Noticed The Servant
    34 | D        | Noticed a large bag of meat
    34 | D        | Noticed a destroyer
    34 | D        | Noticed a destroyer
    35 | D        | Noticed a bag of meat
    35 | D        | Noticed a meat berserker
    35 | D        | Noticed a bag of meat
    35 | D        | Noticed a meat berserker
    36 | D        | Noticed a bag of meat
    36 | D        | Killed a destroyer
    36 | D        | Reached skill level 23 in Fighting
    36 | D        | Reached skill level 21 in Armour
    36 | D        | Reached skill level 26 in Invocations
    36 | D        | Reached XP level 20. HP: 125/130 MP: 20/52
    36 | D        | Killed a meat berserker
    36 | D        | Reached skill level 24 in Fighting
    36 | D        | Reached skill level 23 in Armour
    36 | D        | Reached skill level 27 in Invocations
    36 | D        | Killed a bag of meat
    36 | D        | Reached skill level 25 in Fighting
    36 | D        | Killed a meat berserker
    36 | D        | Reached skill level 27 in Fighting
    36 | D        | Reached skill level 25 in Armour
    37 | D        | Noticed a bag of meat
    37 | D        | Noticed a destroyer
    37 | D        | Noticed a bag of meat
    38 | D        | Noticed a destroyer
    38 | D        | Noticed a meat berserker
    38 | D        | Killed a bag of meat
    38 | D        | Reached skill level 26 in Armour
    38 | D        | Reached XP level 21. HP: 142/142 MP: 20/53
    39 | D        | Noticed a meat berserker
    39 | D        | Killed a large bag of meat
    39 | D        | Reached skill level 27 in Armour
    39 | D        | Reached skill level 9 in Throwing
    39 | D        | Reached skill level 8 in Unarmed Combat
    39 | D        | Killed a bag of meat
    39 | D        | Reached skill level 13 in Throwing
    39 | D        | Reached skill level 11 in Unarmed Combat
    39 | D        | Killed a bag of meat
    39 | D        | Reached skill level 16 in Throwing
    39 | D        | Reached skill level 13 in Unarmed Combat
    39 | D        | Killed a bag of meat
    39 | D        | Reached skill level 17 in Throwing
    39 | D        | Reached skill level 14 in Unarmed Combat
    39 | D        | Killed a meat berserker
    39 | D        | Reached skill level 21 in Throwing
    39 | D        | Reached skill level 18 in Unarmed Combat
    40 | D        | Noticed a bag of meat
    40 | D        | Killed a bag of meat
    40 | D        | Reached skill level 22 in Throwing
    40 | D        | Reached skill level 19 in Unarmed Combat
    40 | D        | Killed a meat berserker
    40 | D        | Reached skill level 25 in Throwing
    40 | D        | Reached skill level 21 in Unarmed Combat
    40 | D        | Reached XP level 22. HP: 148/148 MP: 20/54
    40 | D        | Killed a meat berserker
    40 | D        | Reached skill level 27 in Throwing
    40 | D        | Reached skill level 24 in Unarmed Combat
    41 | D        | Noticed a bag of meat
    41 | D        | Noticed a destroyer
    41 | D        | Killed a bag of meat
    41 | D        | Reached skill level 26 in Unarmed Combat
    41 | D        | Killed a meat berserker
    41 | D        | Reached skill level 27 in Unarmed Combat
    41 | D        | Killed a bag of meat
    41 | D        | Reached XP level 23. HP: 153/153 MP: 21/55
    41 | D        | Noticed a bag of meat
    42 | D        | Noticed a bag of meat
    42 | D        | Noticed a bag of meat
    42 | D        | Noticed a destroyer
    42 | D        | Noticed a bag of meat
    42 | D        | Noticed a meat berserker
    43 | D        | Noticed a bag of meat
    43 | D        | Noticed a bag of meat
    43 | D        | Killed a bag of meat
    43 | D        | Killed a bag of meat
    43 | D        | Killed a meat berserker
    44 | D        | Noticed a bag of meat
    44 | D        | Killed a bag of meat
    44 | D        | Killed a bag of meat
    44 | D        | Killed a meat berserker
    44 | D        | Reached XP level 24. HP: 158/158 MP: 21/55
    44 | D        | Killed a destroyer
    45 | D        | Noticed a bag of meat
    45 | D        | Noticed a bag of meat
    45 | D        | Noticed a sculptor of flesh
    45 | D        | Noticed a meat berserker
    45 | D        | Noticed a sculptor of flesh
    45 | D        | Noticed a bag of meat
    46 | D        | Noticed a bag of meat
    47 | D        | Noticed a sculptor of flesh
    47 | D        | Noticed a bag of meat
    47 | D        | Noticed a destroyer
    47 | D        | Killed a bag of meat
    47 | D        | Killed a bag of meat
    47 | D        | Killed a bag of meat
    48 | D        | Noticed a bag of meat
    48 | D        | Killed a meat berserker
    48 | D        | Killed a destroyer
    48 | D        | Reached XP level 25. HP: 163/163 MP: 22/55
    48 | D        | Killed a bag of meat
    49 | D        | Noticed a bag of meat
    49 | D        | Noticed a bag of meat
    49 | D        | Noticed a bag of meat
    49 | D        | Noticed a bag of meat
    49 | D        | Noticed a meat berserker
    49 | D        | Noticed a destroyer
    49 | D        | Killed a destroyer
    49 | D        | Killed a bag of meat
    49 | D        | Killed a bag of meat
    50 | D        | Noticed a destroyer
    50 | D        | Noticed a meat berserker
    50 | D        | Killed a bag of meat
    50 | D        | Killed a destroyer
    50 | D        | Reached XP level 26. HP: 169/169 MP: 23/55
    51 | D        | Killed a bag of meat
    51 | D        | Killed a bag of meat
    51 | D        | Killed a meat berserker
    51 | D        | Killed a destroyer
    51 | D        | Killed a bag of meat
    51 | D        | Reached XP level 27. HP: 174/174 MP: 23/55
    51 | D        | Killed a bag of meat
    52 | D        | Noticed a meat berserker
    52 | D        | Noticed a bag of meat
    52 | D        | Killed a bag of meat
    52 | D        | Killed a bag of meat
    52 | D        | Noticed a bag of meat
    53 | D        | Killed a destroyer
    53 | D        | Killed a bag of meat
    53 | D        | Killed a destroyer
    53 | D        | Killed a meat berserker
    53 | D        | Killed a bag of meat
    54 | D        | Noticed a bag of meat
    54 | D        | Killed a meat berserker
    55 | D        | Noticed a bag of meat
    55 | D        | Noticed a bag of meat
    55 | D        | Killed a meat berserker
    55 | D        | Killed a bag of meat
    55 | D        | Killed a bag of meat
    56 | D        | Noticed a bag of meat
    56 | D        | Noticed a meat berserker
    56 | D        | Noticed a destroyer
    56 | D        | Killed a sculptor of flesh
    56 | D        | Killed a destroyer
    56 | D        | Killed a bag of meat
    56 | D        | Noticed a destroyer
    57 | D        | Killed a bag of meat
    57 | D        | Killed a bag of meat
    57 | D        | Killed a bag of meat
    57 | D        | Killed a bag of meat
    57 | D        | Killed a bag of meat
    57 | D        | Noticed a bag of meat
    58 | D        | Killed a sculptor of flesh
    58 | D        | Killed a bag of meat
    59 | D        | Killed a meat berserker
    59 | D        | Killed a bag of meat
    59 | D        | Killed a bag of meat
    59 | D        | Killed a bag of meat
    59 | D        | Killed a meat berserker
    60 | D        | Noticed an accursed
    60 | D        | Noticed a tyrant
    61 | D        | Noticed The Captor
    61 | D        | Noticed a bag of meat
    62 | D        | Noticed a bag of meat
    62 | D        | Noticed a bag of meat
    62 | D        | Killed a bag of meat
    62 | D        | Killed a destroyer
    62 | D        | Killed a bag of meat
    63 | D        | Noticed a destroyer
    63 | D        | Noticed a meat berserker
    63 | D        | Killed an accursed
    63 | D        | Killed a bag of meat
    64 | D        | Noticed a bag of meat
    64 | D        | Noticed a bag of meat
    64 | D        | Noticed a bag of meat
    64 | D        | Noticed a meat beast
    65 | D        | Noticed a bag of meat
    65 | D        | Killed a tyrant
    65 | D        | Killed a bag of meat
    65 | D        | Killed The Captor
    66 | D        | Noticed a meat berserker
    66 | D        | Noticed a bag of meat
    66 | D        | Killed a bag of meat
    67 | D        | Killed a meat berserker
    68 | D        | Killed a destroyer
    68 | D        | Killed a bag of meat
    68 | D        | Killed a meat beast
    68 | D        | Killed a destroyer
    69 | D        | Killed a bag of meat
    70 | D        | Noticed a meat berserker
    70 | D        | Noticed a meat beast
    70 | D        | Killed a bag of meat
    72 | D        | Noticed a meat berserker
    72 | D        | Killed a bag of meat
    72 | D        | Killed a meat beast
    72 | D        | Killed a bag of meat
    80 | D        | Noticed a meat beast
    82 | D        | Noticed a meat beast
    82 | D        | Noticed a destroyer
    83 | D        | Killed a meat beast
    84 | D        | Killed a meat berserker
    85 | D        | Killed a meat berserker
    86 | D        | Noticed a bag of meat
    87 | D        | Noticed a destroyer
    88 | D        | Noticed a bag of meat
    88 | D        | Killed a meat beast
    88 | D        | Killed a destroyer
    91 | D        | Noticed a meat beast
    92 | D        | Noticed a bag of meat
    93 | D        | Killed a bag of meat
    93 | D        | Killed a meat berserker
    94 | D        | Killed a meat beast
    95 | D        | Noticed a bag of meat
    95 | D        | Noticed a bag of meat
    96 | D        | Noticed a large bag of meat
    96 | D        | Noticed an accursed
    96 | D        | Noticed a destroyer
    97 | D        | Noticed a bag of meat
    97 | D        | Noticed a bag of meat
    98 | D        | Noticed an observer
    98 | D        | Noticed a bag of meat
    99 | D        | Noticed a meat berserker
    99 | D        | Noticed a bag of meat
   100 | D        | Noticed an observer
   102 | D        | Noticed a tyrant
   102 | D        | Noticed a bag of meat
   103 | D        | Noticed a tyrant
   103 | D        | Noticed a bag of meat
   105 | D        | Noticed a bag of meat
   105 | D        | Noticed a tyrant
   105 | D        | Noticed a bag of meat
   106 | D        | Noticed a meat berserker
   106 | D        | Noticed a destroyer
   106 | D        | Noticed an accursed
   106 | D        | Noticed The Defiler
   111 | D        | Killed an accursed
   112 | D        | Noticed a wretched soul
   112 | D        | Killed a tyrant
   113 | D        | Noticed a bag of meat
   114 | D        | Noticed a tyrant
   114 | D        | Noticed a bag of meat
   114 | D        | Noticed a bag of meat
   114 | D        | Noticed a bag of meat
   117 | D        | Killed a destroyer
   122 | D        | Noticed a bag of meat
   123 | D        | Killed a meat berserker
   123 | D        | Killed a meat berserker
   124 | D        | Killed a bag of meat
   125 | D        | Noticed a fleshlord
   125 | D        | Killed a bag of meat
   126 | D        | Killed a large bag of meat
   127 | D        | Killed a bag of meat
   128 | D        | Noticed a bag of meat
   129 | D        | Killed a bag of meat
   129 | D        | Killed a bag of meat
   130 | D        | Killed a bag of meat
   132 | D        | Noticed a meat berserker
   132 | D        | Noticed a meat beast
   133 | D        | Killed a bag of meat
   134 | D        | Noticed a bag of meat
   135 | D        | Killed a bag of meat
   135 | D        | Killed a bag of meat
   136 | D        | Noticed a meat berserker
   136 | D        | Noticed a fleshlord
   136 | D        | Killed a meat berserker
   137 | D        | Killed a bag of meat
   137 | D        | Killed a meat beast
   138 | D        | Killed a fleshlord
   139 | D        | Noticed a bag of meat
   139 | D        | Noticed a tyrant
   139 | D        | Noticed a fleshlord
   140 | D        | Noticed a bag of meat
   140 | D        | Noticed a bag of meat
   141 | D        | Noticed a bag of meat
   141 | D        | Killed a meat berserker
   142 | D        | Killed a fleshlord
   143 | D        | Killed a bag of meat
   144 | D        | Killed a wretched soul
   144 | D        | Killed a bag of meat
   145 | D        | Killed a bag of meat
   146 | D        | Killed a bag of meat
   146 | D        | Killed a bag of meat
   147 | D        | Killed an accursed
   148 | D        | Killed a tyrant
   148 | D        | Killed a bag of meat
   148 | D        | Killed a fleshlord
   149 | D        | Killed a tyrant
   150 | D        | Killed The Defiler
   150 | D        | Killed a bag of meat
   150 | D        | Killed a bag of meat
   150 | D        | Killed a bag of meat
   151 | D        | Noticed a bag of meat
   152 | D        | Killed a bag of meat
   157 | D        | Noticed a fleshlord
   157 | D        | Noticed a destroyer
   160 | D        | Noticed a fleshlord
   163 | D        | Noticed a meat berserker
   163 | D        | Noticed a dread
   166 | D        | Noticed an observer
   166 | D        | Noticed a bag of meat
   166 | D        | Noticed a meat berserker
   168 | D        | Noticed a meat berserker
   168 | D        | Killed a destroyer
   169 | D        | Noticed a bag of meat
   169 | D        | Killed a meat berserker
   170 | D        | Noticed a meat beast
   170 | D        | Killed a fleshlord
   171 | D        | Noticed a destroyer
   171 | D        | Noticed a dread
   171 | D        | Noticed a wretched soul
   172 | D        | Killed a meat berserker
   172 | D        | Noticed a bag of meat
   173 | D        | Noticed a bag of meat
   173 | D        | Killed a meat berserker
   174 | D        | Noticed a bag of meat
   174 | D        | Noticed a wretched soul
   174 | D        | Killed a meat beast
   174 | D        | Killed a wretched soul
   175 | D        | Killed an observer
   175 | D        | Killed a bag of meat
   176 | D        | Noticed a bag of meat
   177 | D        | Noticed a meat berserker
   177 | D        | Killed a bag of meat
   177 | D        | Killed a dread
   178 | D        | Noticed a meat berserker
   178 | D        | Killed a bag of meat
   179 | D        | Killed a fleshlord
   180 | D        | Noticed a bag of meat
   180 | D        | Killed a bag of meat
   180 | D        | Killed a bag of meat
   181 | D        | Killed a wretched soul
   182 | D        | Noticed a bag of meat
   182 | D        | Killed a bag of meat
   183 | D        | Noticed a large bag of meat
   183 | D        | Noticed a meat berserker
   183 | D        | Killed a meat berserker
   184 | D        | Killed a destroyer
   185 | D        | Noticed a bag of meat
   185 | D        | Noticed a bag of meat
   185 | D        | Killed a dread
   185 | D        | Killed a meat berserker
   186 | D        | Noticed a destroyer
   186 | D        | Noticed a destroyer
   186 | D        | Noticed a fleshlord
   186 | D        | Noticed a dread
   186 | D        | Noticed a bag of meat
   187 | D        | Noticed a bag of meat
   187 | D        | Noticed a bag of meat
   187 | D        | Killed a bag of meat
   188 | D        | Noticed a sculptor of flesh
   188 | D        | Noticed a bag of meat
   188 | D        | Noticed a bag of meat
   188 | D        | Noticed a bag of meat
   189 | D        | Noticed a meat berserker
   189 | D        | Noticed a fleshlord
   189 | D        | Killed a bag of meat
   189 | D        | Killed a bag of meat
   189 | D        | Killed a meat berserker
   189 | D        | Noticed an observer
   190 | D        | Noticed a fleshlord
   190 | D        | Noticed a meat beast
   191 | D        | Noticed a meat berserker
   191 | D        | Noticed a dread
   191 | D        | Killed a destroyer
   191 | D        | Killed a destroyer
   192 | D        | Killed a bag of meat
   192 | D        | Noticed a bag of meat
   193 | D        | Noticed a meat berserker
   193 | D        | Noticed The Meatlord
   193 | D        | Mangled by a fleshlord

Table legend:
 A = Turns spent in this place as a percentage of turns spent in the entire game.
 B = Non-inter-level travel turns spent in this place as a percentage of non-inter-level travel turns spent in the entire game.
 C = Inter-level travel turns spent in this place as a percentage of turns spent in this place.
 D = Turns resting spent in this place as a percentage of non-inter-level travel turns spent in this place.
 E = Turns spent auto-exploring this place as a percentage of non-inter-level travel turns spent in this place.
 F = Non-inter-level travel turns spent in this place divided by the number of levels of this place that you've seen.
                   A       B       C       D       E      F
               +-------+-------+-------+-------+-------+----------------------
         Total | 100.0 | 100.0 |   0.0 |   0.0 |   0.0 | 251.0
       Dungeon | 100.0 | 100.0 |   0.0 |   0.0 |   0.0 | 251.0
               +-------+-------+-------+-------+-------+----------------------

Table legend:
 A = Kills in this place as a percentage of kills in entire the game.
 B = Kills by you in this place as a percentage of kills by you in the entire game.
 C = Kills by friends in this place as a percentage of kills by friends in the entire game.
 D = Other kills in this place as a percentage of other kills in the entire game.
 E = Experience gained in this place as a percentage of experience gained in the entire game.
 F = Experience gained in this place divided by the number of levels of this place that you have seen.
                   A       B       C       D       E      F
               +-------+-------+-------+-------+-------+----------------------
         Total | 100.0 | 100.0 |  -nan |  -nan | 100.0 | 5499717.0
       Dungeon | 100.0 | 100.0 |  -nan |  -nan | 100.0 | 5499717.0
               +-------+-------+-------+-------+-------+----------------------

Vanquished Creatures
  5 hell knights (D)
  Sigmund (D)
  7 hell beasts (D)
  Edmund (D)
  3 greater mummies (D)
  A great orb of eyes (D)
  2 wraiths (D)
  19 vampire knights (D)
  31 ogres (D)
  4 liches (D)
  4 hydras (D)
  91 orcs (D)
  3 phantoms (D)
  4 hill giants (D)
  3 skeletal warriors (D)
  A sea snake (D)
  2 large abominations (D)
  8 small abominations (D)
  16 crawling corpses (D)
206 creatures vanquished.

Vanquished Creatures (others)
  An ogre (D)
  2 orcs (D)
  2 crawling corpses (D)
5 creatures vanquished.

Grand Total: 211 creatures vanquished
